 Dungeon Sprint DCSS version 0.30-a0-743-gbfdf073431 (webtiles) character file.

Game seed: 6214533836829044016

84 BigDaddyOpFi the Octopoid Disaster (level 4, -5/51 HPs)
             Began as an Octopode Fighter on Feb 6, 2023.
             Was a Believer of Qazlal.
             Slain by a flying skull (12 damage)
             ... in the Dungeon (Sprint VII: "The Pits").
             The game lasted 00:00:41 (288 turns).

BigDaddyOpFi the Octopoid Disaster (OpFi)            Turns: 288, Time: 00:00:42

Health: -5/51      AC:  1    Str: 17    XL:     4   Next: 46%
Magic:  5/7        EV: 13    Int: 10    God:    Qazlal [**....]
Gold:   0          SH:  8    Dex: 11    Spells: 3/3 levels left

rFire   . . .      SeeInvis .    a - +0 war axe
rCold   . . .      Faith    .    b - +0 buckler
rNeg    . . .      Spirit   .    (helmet restricted)
rPois   .          Reflect  .    (no amulet)
rElec   .          Harm     .    (no ring)
rCorr   .          Rampage  .    (no ring)
Will    .....      NoTele   +    (no ring) Stlth
                                 (no ring)
HPRegen 0.28/turn                (no ring)
MPRegen 0.10/turn                (no ring)
                                 (no ring)
                                 (no ring)

@: mighty, berserking (expiring), very quick
A: almost no armour, amphibious, 8 rings, camouflage 1, gelatinous body 1,
(nimble swimmer 1), tentacles
a: Renounce Religion, Upheaval


You were in the Dungeon.
You worshipped Qazlal.
Qazlal was pleased with you.
You visited 1 branch

Inventory:

Hand Weapons
 a - a +0 war axe (weapon)
Armour
 b - a +0 buckler (worn)
Scrolls
 i - a scroll of blinking
Potions
 d - a potion of curing
 f - a potion of haste
 g - 4 potions of magic
 h - 2 potions of berserk rage
 j - 2 potions of invisibility


   Skills:
 + Level 4.5 Fighting
 + Level 3.9 Axes
 + Level 4.5 Dodging
 + Level 4.6 Shields
 * Level 4.9 Invocations


You had 3 spell levels left.
You didn't know any spells.
Your spell library was empty.

Dungeon Overview and Level Annotations

Branches:
Dungeon (1/1)

Altars:
Ashenzari
Cheibriados
Dithmenos
Elyvilon
Fedhas
Gozag
Hepliaklqana
Kikubaaqudgha
Makhleb
Nemelex Xobeh
Okawaru
Qazlal
Ru
Sif Muna
Trog
Uskayaw
Vehumet
Wu Jian
Xom
Yredelemnul
Zin
The Shining One
Jiyva
Lugonu


Innate Abilities, Weirdness & Mutations

You cannot wear most types of armour.
You are amphibious.
You can wear up to eight rings at the same time.
Your skin changes colour to match your surroundings (Stealth+).
Your rubbery body absorbs attacks. (AC +1, EV +1)
((You are camouflaged when in or above water. (Stealth+)))
You have tentacles for arms and can constrict up to eight enemies at once.


Message History

You squeeze the scorpion!
You kill the scorpion!
Qazlal accepts your kill.
Your Fighting skill increases to level 4!
Your Dodging skill increases to level 4!
Your Shields skill increases to level 4!
Your Invocations skill increases to level 4!
You have reached level 4!
A flying skull and a ball python come into view.
The flying skull gives a hideous shriek!
The ball python hisses angrily.
You barely miss the flying skull. Your grab misses the flying skull.
You block the bat zombie's attack. The bat zombie completely misses you.
The flying skull hits you! x2
The ball python attacks as you move away!
You block the ball python's attack.
The flying skull attacks as you move away!
You block the flying skull's attack.
There is an open door here.
A red film seems to cover your vision as you go berserk!
You feel yourself moving faster!
You feel mighty! The flying skull hits you.
* * * LOW HITPOINT WARNING * * *
The flying skull hits you!
* * * LOW HITPOINT WARNING * * *
The flying skull attacks as you move away!
The flying skull hits you but does no damage.
You feel a strong urge to attack something.
You closely miss the ball python. You grab the ball python.
You squeeze the ball python.
You kill the ball python!
Qazlal accepts your kill.
You barely miss the flying skull. Your grab misses the flying skull.
The flying skull closely misses you.
You miss the flying skull. Your grab misses the flying skull.
You block the flying skull's attack.
You closely miss the flying skull. Your grab misses the flying skull.
Your tentacle-slap misses the flying skull.
Your squeeze misses the flying skull. You block the flying skull's attack.
The flying skull hits you!
You die...

#.?(.')))'.##......#.
##########.##........
#...........'........
#+#####'#####......#.
#..#†.# #........
#..†..# ####'####
#..#### #.......#
#..#..# #.......#
#.@#..# #.......#
##z#..#+###...<...#
#...Z....##.......#
#........##.......#
###########.......#
#########


You could see a flying skull.

Vanquished Creatures
  A scorpion (D)
  An adder (D)
  An ufetubus (D)
  An adder zombie (D)
  A giant cockroach (D)
  A hobgoblin (D)
  3 jackals (D)
  A ball python (D)
10 creatures vanquished.

Notes
Turn   | Place    | Note
-------+----------+-------------------------------------------
     0 | D        | BigDaddyOpFi the Octopode Fighter began the quest for the
                  | Orb.
     0 | D        | Reached XP level 1. HP: 16/16 MP: 1/1
    16 | D        | Found a bloodstained altar of Trog.
    16 | D        | Found a shimmering blue altar of Sif Muna.
    16 | D        | Found a viscous altar of Jiyva.
    16 | D        | Found a hazy altar of Hepliaklqana.
    16 | D        | Found an opulent altar of Gozag.
    17 | D        | Found a glowing golden altar of the Shining One.
    17 | D        | Found a glowing silver altar of Zin.
    17 | D        | Found a basalt altar of Yredelemnul.
    17 | D        | Found a shimmering altar of Xom.
    17 | D        | Found an ornate altar of the Wu Jian Council.
    17 | D        | Found a sacrificial altar of Ru.
    17 | D        | Found a stormy altar of Qazlal.
    17 | D        | Found an iron altar of Okawaru.
    17 | D        | Found a sparkling altar of Nemelex Xobeh.
    17 | D        | Found a burning altar of Makhleb.
    17 | D        | Found a blossoming altar of Fedhas.
    17 | D        | Found a white marble altar of Elyvilon.
    17 | D        | Found a shadowy altar of Dithmenos.
    17 | D        | Found a snail-covered altar of Cheibriados.
    18 | D        | Found a radiant altar of Vehumet.
    18 | D        | Found a corrupted altar of Lugonu.
    19 | D        | Found a hide-covered altar of Uskayaw.
    19 | D        | Found an ancient bone altar of Kikubaaqudgha.
    19 | D        | Found a broken altar of Ashenzari.
    22 | D        | Became a worshipper of Qazlal Stormbringer
    50 | D        | Reached XP level 2. HP: 17/21 MP: 1/3
   145 | D        | Reached * piety under Qazlal
   154 | D        | Reached ** piety under Qazlal
   155 | D        | Reached XP level 3. HP: 27/27 MP: 3/5
   271 | D        | Noticed a scorpion
   279 | D        | Killed a scorpion
   280 | D        | Reached XP level 4. HP: 34/34 MP: 5/7
   280 | D        | Noticed a flying skull
   288 | D        | Slain by a flying skull

Illustrated notes

Levels and vault maps discovered:
D:        pitsprint [storerooms_1, entrance_room_1, metal_vault_1, armoury_2,
          mini_pit_1, grid_room_1, main_hall_1, silver_pit, the_coven_2,
          the_vestibule_1, steel_vault_1, golden_pit, hallway_of_sentries,
          crystal_vault_2, iron_vault_1, final_vault]

Skill      XL: |  1  2  3 |
---------------+----------+-----
Invocations    | 2 3 4 |  4.9
Axes           | 3 |  3.9
Fighting       | 4 |  4.5
Dodging        | 4 |  4.5
Shields        | 4 |  4.6

Action                     |  1- 3 |  4- 6 || total
---------------------------+-------+-------++-------
  Melee: War axe           |    20 |     5 ||    25
         Tentacles         |     6 |     1 ||     7
         Constrict         |     1 |     1 ||     2
    Use: Potion            |     2 |     1 ||     3
 Armour: Skin              |     3 |     1 ||     4
  Dodge: Dodged            |    31 |     2 ||    33
  Block: Buckler           |    11 |     5 ||    16

Table legend: (Time is in decaauts)
 A = Elapsed time spent in this place.
 B = Non-inter-level travel time spent in this place.
 C = Inter-level travel time spent in this place.
 D = Time resting spent in this place.
 E = Time spent auto-exploring this place.
 F = Levels seen in this place.
 G = Mean time per level.
                   A        B        C        D        E       F      G
               +--------+--------+--------+--------+--------+-----+--------+
         Total |    296 |    296 |      0 |    195 |      0 |   1 |  296.0 |
       Dungeon |    296 |    296 |      0 |    195 |      0 |   1 |  296.0 |
               +--------+--------+--------+--------+--------+-----+--------+

Top non-repeatable levels by time:
       D: 296 daAuts
